AoeStats
← schmeno

Arabia

510233682Analyzed
1v1 RM · 3d ago on Sep 30, 2026· 38m 49s· 2 players
Game mode
Random Map
Map size
Tiny (2 player)
Population
200
Speed
Normal
Resources
Standard
Victory
Conquest
Starting age
Dark Age
Ending age
Imperial Age
RankedLock teamsTeams togetherTeam positionsShared explorationLock speedFull tech treeHidden civsTurbo modeCheats
Victory
Defeat
🇨🇱 Bohemians · Chile
1124
+18
🇺🇸 Saxons · United States
1166
-18
3TK-WilsonER
4:11 Loom
8:04 Feudal Age
8:29 Horse Collar
18:20 Castle Age
17:28 Double-Bit Axe
19:16 Bow Saw
29:27 Imperial Age
28:39 Chemistry
28:12 Wagenburg Tactics
28:57 Ballistics
28:43 Fletching
28:53 Padded Archer Armor
28:53 Scale Mail Armor
29:03 Forging
30:30 Wheelbarrow
30:54 Squires
30:18 Pikeman
31:52 Forging
31:42 Scale Mail Armor
31:57 Leather Archer Armor
33:19 Iron Casting
32:44 Scale Mail Armor
35:48 Scale Mail Armor
37:53 Blast Furnace
37:08 Chain Mail Armor
37:08 Leather Archer Armor
36:49 Bodkin Arrow
37:46 Chain Mail Armor
37:46 Leather Archer Armor
37:26 Bodkin Arrow
38:59 Bodkin Arrow
39:19 Leather Archer Armor
schmeno
6:21 Loom
9:04 Feudal Age
10:09 Double-Bit Axe
20:28 Castle Age
19:10 Fletching
20:26 Gold Mining
20:38 Crossbowman
21:20 Bodkin Arrow
22:54 Bow Saw
25:53 Atonement
30:07 Imperial Age
27:51 Horse Collar
30:15 Redemption
29:36 Clerical Recruitment
31:17 Block Printing
31:36 Sanctity
30:44 Light Cavalry
32:53 Atonement
35:28 Bodkin Arrow
36:50 Bracer
36:43 Arbalester
Connection lost

Rejoining the realm…

Still unreachable

The connection could not be restored.

Session expired

The server has moved on; the page needs a fresh start.